AoeStats
← Long John Silver

Oasis

507715068Analyzed
4v4 RM · 13d ago on Sep 19, 2026· 26m 54s· 8 players
Game mode
Random Map
Map size
Large (8 player)
Population
200
Speed
Normal
Resources
Standard
Victory
Conquest
Starting age
Dark Age
Ending age
Imperial Age
RankedLock teamsTeams togetherTeam positionsShared explorationLock speedFull tech treeHidden civsTurbo modeCheats
Victory
Defeat
🇺🇸 Vietnamese · United States
1478
+14
🇭🇰 Ethiopians · Hong Kong SAR China
1430
+15
🇳🇱 Huns · Netherlands
1347
+19
🇰🇷 Huns · South Korea
1316
+20
🇫🇷 Britons · France
1475
-19
🇩🇪 Italians · Germany
1434
-18
🇩🇪 Persians · Germany
1395
-16
🇪🇸 Persians · Spain
1358
-15
Mzackk
10:05 Feudal Age
11:55 Loom
15:23 Castle Age
13:19 Double-Bit Axe
14:33 Horse Collar
22:10 Fervor
25:34 Wheelbarrow
26:11 Stone Mining
26:37 Bow Saw
Yupy
11:02 Loom
12:47 Feudal Age
14:17 Double-Bit Axe
14:26 Horse Collar
17:51 Fletching
23:48 Castle Age
22:03 Gold Mining
Kallemann
6:06 Loom
8:22 Feudal Age
9:15 Double-Bit Axe
14:17 Scale Barding Armor
15:19 Forging
16:43 Bloodlines
19:25 Wheelbarrow
22:00 Castle Age
20:02 Horse Collar
23:02 Chain Barding Armor
Long John Silver
5:48 Loom
8:23 Feudal Age
9:01 Double-Bit Axe
14:38 Fletching
14:56 Horse Collar
22:19 Castle Age
21:42 Padded Archer Armor
22:27 Crossbowman
23:03 Bodkin Arrow
24:37 Wheelbarrow
24:13 Bow Saw
24:04 Heavy Plow
24:15 Gold Mining
26:24 Ballistics
26:05 Stone Mining
PaRappa56
6:06 Loom
8:28 Feudal Age
15:07 Fletching
17:07 Padded Archer Armor
RogerV
10:14 Feudal Age
10:45 Double-Bit Axe
14:25 Bloodlines
16:47 Scale Barding Armor
19:27 Forging
22:29 Horse Collar
27:50 Castle Age
26:33 Loom
kdu0687
12:02 Feudal Age
16:19 Castle Age
15:19 Fletching
17:15 Bodkin Arrow
18:48 Padded Archer Armor
18:51 Husbandry
24:15 Double-Bit Axe
25:50 Loom
虫
12:40 Feudal Age
12:05 Loom
13:34 Double-Bit Axe
20:15 Padded Archer Armor
21:21 Fletching
26:21 Castle Age
25:03 Gold Mining
27:10 Thumb Ring
26:26 Crossbowman
27:25 Leather Archer Armor
27:05 Bodkin Arrow
Connection lost

Rejoining the realm…

Still unreachable

The connection could not be restored.

Session expired

The server has moved on; the page needs a fresh start.